 Dungeon Crawl Stone Soup version 0.28-a0-863-g8cecda6153 (webtiles) character file.

Game seed: 4055066894301881384

17 browni3141 the Magician (level 2, -2/22 HPs)
             Began as a Djinni Fire Elementalist on Nov 19, 2021.
             Slain by a quokka (3 damage)
             ... on level 1 of the Dungeon.
             The game lasted 00:01:42 (974 turns).

browni3141 the Magician (Djinni Fire Elementalist)   Turns: 974, Time: 00:01:43

Health: -2/22      AC:  2    Str:  7    XL:     2   Next: 80%
Gold:   27         EV: 12    Int: 16    God:
                   SH:  0    Dex: 13

rFire   + + .      SeeInvis .   (no weapon)
rCold   x . .      Faith    .   (no shield)
rNeg    . . .      Spirit   .   a - +0 robe
rPois   ∞          Reflect  .   (no helmet)
rElec   .          Harm     .   (no cloak)
rCorr   .          Rampage  .   (no gloves)
Will    .....                   (boots unavailable)
Stlth   ++........              (no amulet)
HPRegen 0.07/turn               (no ring)
MPRegen 0.00/turn               (no ring)

@: brilliant, flying
A: sickness immunity, fire resistance 2, cold vulnerability 1, float, innate
caster, hp casting, extra vitality 1
a: no special abilities


You were on level 1 of the Dungeon.
You visited 1 branch of the dungeon, and saw 1 of its levels.

You collected 27 gold pieces.

Inventory:

Armour
 a - a +0 robe (worn)
Scrolls
 d - a scroll of teleportation {unknown}
 e - a scroll of identify {unknown}
 f - a scroll of silence {unknown}
Potions
 c - a potion of flight {unknown}


   Skills:
 * Level 1.4 Fighting
 - Level 2.1 Dodging
 - Level 1.5 Stealth
 * Level 2.7 Spellcasting


You couldn't memorise any spells.
You knew the following spells:

 Your Spells              Type           Power      Damage    Failure   Level
a - Foxfire               Conj/Fire      64%        2x1d7     6%          1
b - Scorch                Fire           32%        2d6       10%         2
c - Conjure Flame         Conj/Fire      16%        6-21      19%         3
d - Inner Flame           Hex/Fire       16%        N/A       19%         3
e - Flame Wave            Conj/Fire      16%        3d5       52%         4
Your spell library was empty.

Dungeon Overview and Level Annotations

Branches:
Dungeon (1/15)

Altars:


Innate Abilities, Weirdness & Mutations

You are immune to sickness and miasma.
You are immune to poison.
Your flesh is very heat resistant. (rF++)
You are vulnerable to cold. (rC-)
You float through the air rather than walking.
You learn spells naturally, not from books.
Your magical power is your life essence.
You have superior vitality. (+4 HP)


Message History

The quokka is moderately wounded.
The quokka bites you.
The quokka bites you but does no damage.
The quokka twitches its whiskers.
The quokka closely misses you.
The quokka twitches its whiskers.
The quokka barely misses you.
Casting: Foxfire (safe; 6% risk of failure)
Press: ? - help, Q - select action, (/) - cycle Dir - look around, f - activate You conjure some foxfire!
The quokka bites you.
* * * LOW HITPOINT WARNING * * *
Your foxfire dissipates!
The foxfire hits the quokka.
The quokka is severely wounded.
The quokka misses you. The quokka bites you.
* * * LOW HITPOINT WARNING * * *
Casting: Foxfire (safe; 6% risk of failure)
Press: ? - help, Q - select action, (/) - cycle Dir - look around, f - activate You conjure some foxfire!
* * * LOW HITPOINT WARNING * * *
The quokka barely misses you.
Your foxfire dissipates!
The foxfire hits the quokka but does no damage.
The quokka is heavily wounded.
You don't have enough health to cast this spell.
You don't have enough health to cast this spell.
Casting: Foxfire (safe; 6% risk of failure)
Confirm with . or Enter, or press ? or * to list all spells.
Okay, then.
Okay, then.
Okay, then.
Press: ? - help, v - describe, . - travel
Here: a quokka (heavily wounded)
The floor.
It was a potion of brilliance.
You feel clever all of a sudden. The quokka bites you.
You die...

#########
#.......##########
#.#####..........#
#.# #...######.#
..# #..#.# #.# #.#
#...## #.#
#.#####..## #.#
.........# #.#
#####....#
#@########## #
###.##
#§r........# #.#
##########.# #.#
#.# #.# #.#
#.####### #.# #
#...g...# #.# #
#######.# #.#
######## ####.#
#.#


You could see a quokka.

Vanquished Creatures
  A gnoll (D:1)
  2 bats (D:1)
  A giant cockroach (D:1)
  2 quokkas (D:1)
  2 frilled lizards (D:1)
8 creatures vanquished.

Vanquished Creatures (others)
  31 foxfires (D:1)
31 creatures vanquished.

Grand Total: 39 creatures vanquished

Notes
Turn   | Place    | Note
-------+----------+-------------------------------------------
     0 | D:1      | browni3141 the Djinni Fire Elementalist began the quest for
                  | the Orb.
     0 | D:1      | Reached XP level 1. HP: 15/15 MP: 0/0
   200 | D:1      | Reached skill level 1 in Fighting
   200 | D:1      | Reached XP level 2. HP: 17/22 MP: 0/0
   974 | D:1      | Slain by a quokka

Illustrated notes

Levels and vault maps discovered:
D:1:      dpeg_arrival_pits, layout_loops_ring, minivault_24

Skill      XL: |  1 |
---------------+----+-----
Fighting       | 1 |  1.4
Dodging        | |  2.1
Stealth        | |  1.5
Spellcasting   | |  2.7

Action                   || total
-------------------------++-------
Melee: Unarmed           ||     5
 Cast: Foxfire           ||    20
  Use: Potion            ||     1
Armor: Robe              ||     2
Dodge: Dodged            ||    17

Table legend: (Time is in decaauts)
 A = Elapsed time spent in this place.
 B = Non-inter-level travel time spent in this place.
 C = Inter-level travel time spent in this place.
 D = Time resting spent in this place.
 E = Time spent auto-exploring this place.
 F = Levels seen in this place.
 G = Mean time per level.
                   A        B        C        D        E       F      G
               +--------+--------+--------+--------+--------+-----+--------+
         Total |    974 |    974 |      0 |      0 |    790 |   1 |  974.0 |
       Dungeon |    974 |    974 |      0 |      0 |    790 |   1 |  974.0 |
               +--------+--------+--------+--------+--------+-----+--------+

Top non-repeatable levels by time:
     D:1: 974 daAuts
